 Seeded DCSS version 0.24-a0-368-g0e0cebd (webtiles) character file.

Game seed: 2317110883861580144

6114 Llamajah the Thaumaturge (level 10, -7/63 HPs)
             Began as a Mummy Wizard on May 28, 2019.
             Was an Initiate of Gozag.
             Mangled by a yak (10 damage)
             ... on level 10 of the Dungeon on May 29, 2019.
             The game lasted 01:53:24 (15603 turns).

Llamajah the Thaumaturge (Mummy Wizard)            Turns: 15603, Time: 01:53:25

Health: -7/63      AC:  8    Str: 10    XL:     10   Next: 58%
Magic:  19/26      EV: 16    Int: 20    God:    Gozag
Gold:   212        SH:  0    Dex: 12    Spells: 18/33 levels left

rFire    x . .     SeeInvis .   d - +7 dire flail (protect)
rCold    + . .     Gourm    .   (shield currently unavailable)
rNeg     + + +     Faith    .   u - +3 leather armour {rN+}
rPois    ∞         Spirit   .   g - +0 helmet
rElec    .         Reflect  .   q - scarf {repulsion}
rCorr    +         Harm     .   t - +0 pair of gloves
MR       +....                  (no boots)
Stlth    ++........             (no amulet)
HPRegen  0.20/turn              c - ring of resist corrosion
MPRegen  0.20/turn              a - +2 ring of evasion

@: very slightly contaminated, repel missiles
A: no food or potions, fire vulnerability, cold resistance 1, negative energy
resistance 3, torment resistance, unbreathing
a: Potion Petition, Call Merchant, Bribe Branch, Renounce Religion


You were on level 10 of the Dungeon.
You worshipped Gozag.
Gozag was aware of your devotion.
You were not hungry.

You visited 2 branches of the dungeon, and saw 11 of its levels.

You collected 1246 gold pieces.
You spent 317 gold pieces at shops.
You paid 717 gold pieces to Gozag.

Inventory:

Hand Weapons
 d - a +7 dire flail of protection (weapon)
 f - a +0 quarterstaff
 n - a +0 dagger
Missiles
 v - 98 arrows
Armour
 g - a +0 helmet (worn)
 k - a +1 robe of resistance
 q - a scarf of repulsion (worn)
 t - a +0 pair of gloves (worn)
 u - a +3 leather armour of positive energy (worn)
Magical Staves
 y - an uncursed staff of fire
Jewellery
 a - a +2 ring of evasion (right hand)
 c - a ring of resist corrosion (left hand)
Wands
 p - a wand of flame (3)
 r - a wand of random effects (12)
 w - a wand of paralysis (14)
Scrolls
 e - 7 scrolls of enchant armour
 h - 3 scrolls of remove curse
 i - a scroll of magic mapping
 j - 3 scrolls of amnesia
 l - 2 scrolls of teleportation
 m - 3 scrolls of fog
 o - 2 scrolls of identify
 s - 2 scrolls of immolation
 x - a scroll of vulnerability


   Skills:
 + Level 3.3 Maces & Flails
 + Level 5.9 Dodging
 - Level 2.5 Stealth
 * Level 12.3 Spellcasting
 + Level 5.7 Conjurations
 - Level 0.7 Summonings
 - Level 0.7 Translocations
 + Level 5.1 Evocations


You had 18 spell levels left.
You knew the following spells:

 Your Spells              Type           Power        Failure   Level  Hunger
a - Magic Dart            Conj           ####         1%          1    N/A
b - Call Imp              Summ           ###.....     9%          2    N/A
c - Mephitic Cloud        Conj/Pois/Air  ###.....     11%         3    N/A
d - Blink                 Tloc           N/A          9%          2    N/A
e - Slow                  Hex            ##......     12%         2    N/A
f - Conjure Flame         Conj/Fire      ###.....     7%          3    N/A
g - Sticks to Snakes      Tmut           ##......     12%         2    N/A

Your spell library contained the following spells:

 Spells                   Type           Power        Failure   Level  Hunger
 Beastly Appendage        Tmut           Unusable     N/A         1    N/A
 Spider Form              Tmut/Pois      Unusable     N/A         3    N/A
 Ice Form                 Ice/Tmut       Unusable     N/A         4    N/A
 Blade Hands              Tmut           Unusable     N/A         5    N/A

Dungeon Overview and Level Annotations

Branches:
Dungeon (10/15)            Temple (1/1) D:5             Orc (0/2) D:9
   Lair: D:8-11

Altars:
Ashenzari
Cheibriados
Elyvilon
Gozag
Makhleb
Nemelex Xobeh
Okawaru
Qazlal
Uskayaw
Xom
Yredelemnul
Zin
The Shining One
Beogh

Shops:
D:8 [


Innate Abilities, Weirdness & Mutations

You do not eat or drink.
Your flesh is vulnerable to fire.
You are immune to poison.
Your flesh is cold resistant. (rC+)
You are immune to negative energy. (rN+++)
You are immune to unholy pain and torment.
You can survive without breathing.


Message History

You miscast Mephitic Cloud.
You are very lightly contaminated with residual magic.
You feel electric!
The two-headed ogre hits you with a +0 great mace!
* * * LOW HITPOINT WARNING * * *
The two-headed ogre misses you.
The yak is engulfed in noxious fumes.
The yak appears confused.
The hound skeleton bites you but does no damage.
The porcupine is engulfed in noxious fumes.
The porcupine closely misses you.
Casting: Mephitic Cloud (safe; 11% risk of failure)
Confirm with . or Enter, or press ? or * to list all spells.
You blink.
As you read the scroll of summoning, it crumbles to dust.
Wisps of shadow whirl around you...
Your leopard gecko bites the yak.
Found 8 gold pieces.
You swap places.
The yak gores you!
You die...
Your body crumbles into a pile of gold.

....o####... #.....
##....
.....##......
............
..........o
........$.
#.........
#......... $
###.@.........P..P
#..l.Y.......P.P..
#..O........$...P.
#......##.......P.P
###.#.Z##Z......P..
###..#.YY......P.
#...O.r.Y.......
##..[Y$$......#
#.............


You could see a two-headed ogre, a yak, an orc wizard, a centaur warrior zombie,
a friendly two-headed ogre and a friendly leopard gecko.

Vanquished Creatures
  Erica (D:8)
  Joseph (D:8)
  2 yaks (D:9)
  Sigmund (D:5)
  Grum (D:8)
  A hungry ghost (D:9)
  Edmund (D:4)
  A water moccasin (D:8)
  A porcupine (D:9)
  3 ice beasts
  3 ogres
  5 orc warriors
  2 black bears
  2 sky beasts (D:9)
  2 centaurs
  4 wolves (D:8)
  A crocodile (D:10)
  A big kobold (D:8)
  5 bullfrogs
  4 scorpions
  5 killer bees (D:8)
  A wight (D:8)
  A howler monkey (D:8)
  2 crimson imps
  4 hounds
  3 jellies
  14 orc wizards
  2 bullfrog zombies
  9 orc priests
  A bullfrog skeleton (D:10)
  A centaur skeleton (D:7)
  An iguana (D:8)
  6 worker ants
  A hound zombie (D:6)
  A hound skeleton (D:5)
  3 worker ant zombies
  11 adders
  A shadow imp (D:5)
  2 oozes
  An adder zombie (D:8)
  4 worms
  A dart slug (D:2)
  6 leopard geckos
  46 orcs
  9 bats
  4 giant cockroaches
  2 hobgoblins (D:2)
  6 quokkas
  2 ball pythons
  11 frilled lizards
  7 goblins
  9 kobolds
  A leopard gecko skeleton (D:6)
  4 rats
224 creatures vanquished.

Vanquished Creatures (collateral kills)
  An orc (D:5)
1 creature vanquished.

Vanquished Creatures (others)
  An orc wizard (D:8)
  An orc (D:9)
  A fungus (D:10)
3 creatures vanquished.

Grand Total: 228 creatures vanquished

Notes
Turn   | Place    | Note
-------+----------+-------------------------------------------
     0 | D:1      | Llamajah the Mummy Wizard began the quest for the Orb.
     0 | D:1      | Reached XP level 1. HP: 13/13 MP: 5/5
   541 | D:1      | Reached XP level 2. HP: 19/19 MP: 1/7
   808 | D:1      | Reached skill level 1 in Conjurations
  1065 | D:1      | Reached skill level 5 in Spellcasting
  1164 | D:2      | Reached XP level 3. HP: 24/24 MP: 6/9
  1174 | D:2      | Learned a level 2 spell: Call Imp
  1178 | D:2      | Learned a level 3 spell: Mephitic Cloud
  1181 | D:2      | Learned a level 2 spell: Blink
  1184 | D:2      | Learned a level 2 spell: Slow
  3340 | D:3      | Reached XP level 4. HP: 20/30 MP: 2/11
  3479 | D:3      | Learned a level 3 spell: Conjure Flame
  4173 | D:3      | Found a faded altar of an unknown god.
  4543 | D:4      | Noticed an ogre
  4845 | D:4      | Noticed an ogre
  5020 | D:4      | Reached skill level 6 in Spellcasting
  5020 | D:4      | Reached XP level 5. HP: 26/35 MP: 3/13
  5137 | D:5      | Entered Level 5 of the Dungeon
  5570 | D:5      | Noticed Sigmund
  5581 | D:5      | Killed Sigmund
  5581 | D:5      | Reached XP level 6. HP: 41/41 MP: 1/15
  5927 | D:5      | Reached skill level 7 in Spellcasting
  6277 | D:5      | Noticed an ice beast
  6348 | D:4      | Reached skill level 1 in Evocations
  6348 | D:4      | Reached XP level 7. HP: 46/46 MP: 1/17
  6478 | D:4      | Found a white marble altar of Elyvilon.
  6504 | D:4      | Noticed Edmund
  6541 | D:4      | Killed Edmund
  7202 | D:4      | Reached skill level 8 in Spellcasting
  7599 | D:5      | Reached XP level 8. HP: 21/52 MP: 4/20
  7975 | D:5      | Found a staircase to the Ecumenical Temple.
  8034 | Temple   | Entered the Ecumenical Temple
  8075 | Temple   | Became a worshipper of Gozag Ym Sagoz the Greedy
  8445 | D:6      | Reached skill level 9 in Spellcasting
  9212 | D:6      | Learned a level 2 spell: Sticks to Snakes
  9880 | D:7      | Reached skill level 10 in Spellcasting
 10031 | D:7      | Reached XP level 9. HP: 57/57 MP: 16/23
 10502 | D:8      | Noticed Joseph
 10521 | D:8      | Killed Joseph
 11166 | D:8      | Noticed Erica
 11573 | D:8      | Killed Erica
 11573 | D:8      | Reached skill level 1 in Maces & Flails
 11573 | D:8      | Reached skill level 5 in Dodging
 11765 | D:8      | Noticed Grum
 11825 | D:8      | Reached skill level 11 in Spellcasting
 11926 | D:8      | Reached skill level 5 in Conjurations
 11926 | D:8      | Noticed a skeletal warrior
 12545 | D:8      | Killed Grum
 12545 | D:8      | Reached XP level 10. HP: 49/63 MP: 15/25
 13152 | D:8      | Bought a twisted robe for 142 gold pieces
 13162 | D:8      | Identified the +1 robe of the Realm of Zot {-Cast +Blink
                  | rC+} (You bought it in a shop on level 8 of the Dungeon)
 13384 | D:9      | Found a staircase to the Orcish Mines.
 13657 | D:9      | Found a roughly hewn altar of Beogh.
 13946 | D:8      | Bought a heavily runed leather armour for 175 gold pieces
 13956 | D:8      | Identified the +1 leather armour "Iptuthrod" {*Slow rC+
                  | Str+5 Dex+2} (You bought it in a shop on level 8 of the
                  | Dungeon)
 14476 | D:10     | Entered Level 10 of the Dungeon
 14500 | D:10     | Noticed a gargoyle
 14501 | D:10     | Noticed a gargoyle
 14621 | D:10     | Reached skill level 12 in Spellcasting
 14637 | D:9      | Reached skill level 5 in Evocations
 14815 | D:10     | Noticed a two-headed ogre
 15599 | D:10     | HP: 2/63 [two-headed ogre/+0 great mace (15)]
 15603 | D:10     | Mangled by a yak

Levels and vault maps discovered:
D:1:      lemuel_arrival_river_passageway, layout_rooms
D:2:      layout_rooms, first_ration
D:3:      layout_loops_ring, nicolae_overflow_hidden_temple,
          chequers_ecumenical_altar_simple_redux, serial_glass, glass_columns_b,
          glass_columns_a
D:4:      layout_basic, elyvilon_altar_5, uniq_edmund
D:5:      layout_basic, minmay_temple_entry_statues, uniq_sigmund
D:6:      layout_rooms
D:7:      layout_cave_pods
D:8:      kennysheep_windowed_halls, layout_basic, uniq_grum, uniq_joseph,
          uniq_erica
D:9:      layout_basic, minmay_orc_entry_temple_small
D:10:     layout_cave_pools, grunt_lair_entry_orc_guard_hut
Temple:   nicolae_temple_the_god_donut

Skill      XL: |  1  2  3  4  5  6  7  8  9 10 |
---------------+-------------------------------+-----
Conjurations   | 1 2 3 4 5 |  5.7
Spellcasting   | 5 6 7 8 10 11 12 | 12.3
Dodging        | 2 3 4 5 |  5.9
Stealth        | 2 |  2.5
Evocations     | 1 2 3 4 5 |  5.1
Maces & Flails | 2 3 |  3.3
Summonings     | |  0.7
Translocations | |  0.7

Action                   |  1- 3 |  4- 6 |  7- 9 | 10-12 || total
-------------------------+-------+-------+-------+-------++-------
Melee: Unarmed           |     4 |       |       |       ||     4
       Dagger            |       |    36 |       |       ||    36
       Dire flail        |       |       |   240 |   163 ||   403
 Cast: Magic Dart        |   145 |   151 |   242 |   106 ||   644
       Call Imp          |     4 |     3 |     1 |       ||     8
       Mephitic Cloud    |     3 |    16 |    40 |    30 ||    89
       Blink             |     3 |     9 |     3 |     3 ||    18
       Conjure Flame     |       |     1 |     1 |       ||     2
       Slow              |       |       |     8 |       ||     8
       Sticks to Snakes  |       |       |     1 |       ||     1
Invok: Potion Petition   |       |       |     1 |       ||     1
       Call Merchant     |       |       |       |     1 ||     1
Evoke: Wand              |       |    15 |     3 |     2 ||    20
  Use: Scroll            |     8 |     3 |     8 |     3 ||    22
 Stab: Confused          |       |     3 |    13 |    11 ||    27
       Sleeping          |       |       |     1 |       ||     1
Armor: Robe              |     2 |    13 |    28 |       ||    43
       Leather armour    |       |       |    69 |    87 ||   156
Dodge: Dodged            |    26 |    46 |   181 |   224 ||   477
       Deflected         |       |       |     4 |     4 ||     8

Table legend:
 A = Non-vault XP
 B = Vault XP
 C = Vault XP percentage of total XP
 D = Non-vault monster count
 E = Vault monster count
 F = Vault count percentage of total count
                 A         B        C        D         E       F
            +---------+---------+-------+---------+---------+-------
      Total |    5479 |    3256 |  37.3 |     191 |      35 |  15.5
            +---------+---------+-------+---------+---------+-------
        D:1 |      35 |       0 |   0.0 |      18 |       0 |   0.0
        D:2 |      44 |       0 |   0.0 |      19 |       0 |   0.0
        D:3 |      48 |       0 |   0.0 |      14 |       0 |   0.0
        D:4 |     447 |     153 |  25.5 |      19 |       1 |   5.0
        D:5 |     858 |     197 |  18.7 |      34 |       1 |   2.9
        D:6 |     582 |       0 |   0.0 |      21 |       0 |   0.0
        D:7 |     482 |       0 |   0.0 |      13 |       0 |   0.0
        D:8 |     847 |    2345 |  73.5 |      19 |      25 |  56.8
        D:9 |    1545 |     452 |  22.6 |      22 |       7 |  24.1
       D:10 |     591 |     109 |  15.6 |      12 |       1 |   7.7
            +---------+---------+-------+---------+---------+-------
